 Dungeon Crawl Stone Soup version 0.23.2-1-ga50397a6bc (webtiles) character file.

Game seed: 2104889466764187048

706 Nattfarinn the Jinx (level 7, -4/46 HPs)
             Began as a Vampire Enchanter on May 31, 2019.
             Was a Follower of Kikubaaqudgha.
             Splashed by a jelly's acid (10 damage)
             ... on level 5 of the Dungeon.
             The game lasted 00:13:36 (6229 turns).

Nattfarinn the Jinx (Vampire Enchanter)             Turns: 6229, Time: 00:13:38

Health: -4/46      AC: -15   Str: 10    XL:     7   Next: 39%
Magic:  4/10       EV: 12    Int: 18    God:    Kikubaaqudgha [*.....]
Gold:   252        SH:  0    Dex: 19    Spells: 1/10 levels left

rFire    . . .     SeeInvis +   a - +1 dagger
rCold    + + .     Gourm    .   (no shield)
rNeg     + + +     Faith    .   t - +2 leather armour of the Blessed Realm {Dex+3}
rPois    ∞         Spirit   .   (no helmet)
rElec    .         Reflect  .   (no cloak)
rCorr    .         Harm     .   (no gloves)
MR       .....                  (no boots)
Stlth    ++++++....             (no amulet)
HPRegen  0.00/turn              j - +3 ring of strength
MPRegen  0.12/turn              (no ring)

@: corroded, bloodless, non-regenerating
A: fangs 3, see invisible, unbreathing
a: Bat Form, Receive Corpses, Renounce Religion


You were on level 5 of the Dungeon.
You worshipped Kikubaaqudgha.
Kikubaaqudgha was aware of your devotion.
You were bloodless.

You visited 2 branches of the dungeon, and saw 6 of its levels.

You collected 252 gold pieces.

Inventory:

Hand Weapons
 a - a +1 dagger (weapon)
Missiles
 n - 3 poisoned tomahawks (quivered)
Armour
 b - a +0 robe
 t - the +2 leather armour of the Blessed Realm (worn) {Dex+3}
   (You found it on level 4 of the Dungeon)

   It affects your dexterity (+3).
Jewellery
 j - a +3 ring of strength (left hand)
Scrolls
 c - 3 scrolls of remove curse {unknown}
 e - 2 scrolls of immolation {unknown}
 f - 2 scrolls of teleportation {unknown}
 g - a scroll of enchant weapon {unknown}
 h - a scroll of enchant armour {unknown}
 k - 3 scrolls of amnesia {unknown}
 m - 6 scrolls of identify {unknown}
 p - a scroll of fear {unknown}
 r - a scroll of blinking {unknown}
Potions
 d - a potion of flight {unknown}
 i - a potion of curing {unknown}
 l - a potion of invisibility {unknown}
 o - a potion of berserk rage {unknown}
 q - 14 potions of blood
 s - a potion of cancellation {unknown}
 u - a potion of lignification {unknown}
 v - a potion of heal wounds {unknown}


   Skills:
 - Level 1.1 Short Blades
 - Level 2.1 Dodging
 + Level 8.5 Stealth
 - Level 2.0 Spellcasting
 * Level 10.4 Hexes


You had one spell level left.
You knew the following spells:

 Your Spells              Type           Power        Failure   Level  Hunger
a - Corona                Hex            #####..      1%          1    #......
b - Ensorcelled Hibernat  Hex/Ice        ###...       4%          2    ###....
c - Confuse               Hex            #####...     1%          3    ###....
d - Tukima's Dance        Hex            #####...     1%          3    ###....

Your spell library contained the following spells:

 Spells                   Type           Power        Failure   Level  Hunger
 Animate Skeleton         Necr           N/A          24%         1    #......
 Pain                     Necr           #...         24%         1    #......
 Dazzling Spray           Conj/Hex       ###...       9%          3    ###....
 Sublimation of Blood     Necr           #.........   36%         2    ###....
 Vampiric Draining        Necr           #.........   58%         3    ###....


Dungeon Overview and Level Annotations

Branches:
Dungeon (5/15)             Temple (1/1) D:4

Altars:
Dithmenos
Elyvilon
Fedhas
Gozag
Hepliaklqana
Kikubaaqudgha
Makhleb
Okawaru
Ru
Sif Muna
Uskayaw
Vehumet
Yredelemnul
Zin

Shops:
D:5 =


Innate Abilities, Weirdness & Mutations

You do not heal naturally.
You are immune to poison.
You have razor-sharp teeth.
You have supernaturally acute eyesight. (SInv)
You can survive without breathing.


Message History

Press: ? - help, Shift-Dir - straight line, f/p - jelly
Aim: a jelly (moderately wounded, chance to defeat MR: 74%)
The jelly appears confused.
The jelly barely misses you.
Throwing (i - inventory)
n - 5 poisoned tomahawks (quivered)
Press: ? - help, Shift-Dir - straight line, f/p - jelly
Aim: a jelly (moderately wounded, confused)
You throw a poisoned tomahawk.
The poisoned tomahawk hits the jelly but does no damage.
The jelly is moderately wounded.
Throwing (i - inventory)
n - 4 poisoned tomahawks (quivered)
Press: ? - help, Shift-Dir - straight line, f/p - jelly
Aim: a jelly (moderately wounded, confused)
You throw a poisoned tomahawk.
The poisoned tomahawk hits the jelly but does no damage.
The jelly is moderately wounded.
The jelly hits you.
* * * LOW HITPOINT WARNING * * *
The acid corrodes you!
You are splashed with acid!
You die...
Kikubaaqudgha rasps: "You have failed me!
Welcome... oblivion!"

###### .....# #########
.....# #.......# .....#
#.......######## .....#
###..............##
.....#####.)...............##
.....#.....#....@...........#
.>.#.†.#######...J..........#
.>...#######......(.........#
###................(........#
....######...#######........#
.##.## ##...#..≈≈≈..#......##
.....###...#..≈...≈..#....##
.###..##..#...≈._)≈...#.###
## ##.†..#.#..≈...≈..#.##


You could see a jelly (confused).

Vanquished Creatures
  A phantom (D:4)
  A necrophage (D:5)
  A bullfrog (D:4)
  A crimson imp (D:2)
  2 hounds (D:4)
  A jelly (D:5)
  2 orc wizards (D:5)
  An orc priest (D:5)
  3 worker ants (D:5)
  6 adders
  3 gnolls (D:2)
  An ooze (D:1)
  2 worms
  2 dart slugs (D:1)
  2 leopard geckos
  13 orcs
  4 giant cockroaches
  5 goblins
  7 hobgoblins
  6 jackals
  4 quokkas
  3 ball pythons
  A ball python skeleton (D:4)
  A bat (D:2)
  5 frilled lizards
  A jackal skeleton (D:5)
  9 kobolds
  4 rats
92 creatures vanquished.

Vanquished Creatures (others)
  2 withered plants (D:5)
2 creatures vanquished.

Grand Total: 94 creatures vanquished

Notes
Turn   | Place    | Note
-------+----------+-------------------------------------------
     0 | D:1      | Nattfarinn the Vampire Enchanter began the quest for the
                  | Orb.
     0 | D:1      | Reached XP level 1. HP: 13/13 MP: 3/3
   265 | D:1      | Reached skill level 5 in Hexes
   291 | D:1      | Reached XP level 2. HP: 15/19 MP: 5/5
   295 | D:1      | Learned a level 2 spell: Ensorcelled Hibernation
   750 | D:1      | Reached skill level 5 in Stealth
   985 | D:1      | Reached XP level 3. HP: 24/24 MP: 3/6
  1511 | D:2      | Found a faded altar of an unknown god.
  1641 | D:2      | Reached skill level 6 in Hexes
  1944 | D:2      | Found a burning altar of Makhleb.
  1950 | D:2      | Reached XP level 4. HP: 29/30 MP: 0/7
  1955 | D:2      | Learned a level 3 spell: Confuse
  2258 | D:2      | Reached skill level 7 in Hexes
  2720 | D:2      | Reached XP level 5. HP: 35/35 MP: 8/8
  4244 | D:4      | Found a hide-covered altar of Uskayaw.
  4308 | D:4      | Got a steaming leather armour
  4319 | D:4      | Identified the +2 leather armour of the Blessed Realm
                  | {Dex+3} (You found it on level 4 of the Dungeon)
  4439 | D:4      | Reached skill level 8 in Hexes
  4459 | D:4      | Noticed a phantom
  4497 | D:4      | Killed a phantom
  4497 | D:4      | Reached XP level 6. HP: 24/41 MP: 6/9
  4502 | D:4      | Learned a level 3 spell: Tukima's Dance
  4974 | D:4      | Found a staircase to the Ecumenical Temple.
  4980 | Temple   | Entered the Ecumenical Temple
  5030 | Temple   | Became a worshipper of Kikubaaqudgha
  5072 | D:4      | Reached skill level 9 in Hexes
  5280 | D:5      | Entered Level 5 of the Dungeon
  5280 | D:5      | Found Xurutyg's Jewellery Boutique.
  5345 | D:5      | Found a white marble altar of Elyvilon.
  5391 | D:5      | Reached XP level 7. HP: 28/46 MP: 6/10
  5970 | D:5      | Found a sacrificial altar of Ru.
  5991 | D:5      | Reached skill level 10 in Hexes
  6158 | D:5      | Reached * piety under Kikubaaqudgha
  6158 | D:5      | Identified Kikubaaqudgha's Papyrus of Unholy Rituals
                  | (Kikubaaqudgha gifted it to you on level 5 of the Dungeon)
  6158 | D:5      | Received a gift from Kikubaaqudgha
  6229 | D:5      | Splashed by a jelly's acid

Skill      XL: |  1  2  3  4  5  6  7 |
---------------+----------------------+-----
Hexes          | 5 6 7 8 9 10 | 10.4
Stealth        | 5 6 7 8 |  8.5
Short Blades   | |  1.1
Dodging        | |  2.1
Spellcasting   | |  2.0

Action                   |  1- 3 |  4- 6 |  7- 9 || total
-------------------------+-------+-------+-------++-------
Melee: Dagger            |    65 |   116 |    53 ||   234
       Bite              |     3 |    10 |     7 ||    20
Throw: Tomahawk          |       |       |     2 ||     2
 Cast: Corona            |     4 |       |       ||     4
       Ensorcelled Hiber |    11 |    22 |    20 ||    53
       Confuse           |       |     4 |     3 ||     7
  Use: Potion            |       |     2 |       ||     2
 Stab: Sleeping          |    24 |    28 |    14 ||    66
       Confused          |       |     5 |     1 ||     6
  Eat: Corpse            |       |     1 |     1 ||     2
Armor: Robe              |     7 |     7 |       ||    14
       Leather armour    |       |     3 |    14 ||    17
Dodge: Dodged            |    23 |    63 |    34 ||   120
